3AA
OTTAWA NATIONALS @ FT. POLK SOUTH THUNDER HAWKS
05/27/2034
 
TOP OF THE 1ST
Ottawa Nationals batting - Pitching for Ft. Polk South Thunder Hawks : LHP Brandon Franklin
Pitching: LHP Brandon Franklin
Batting: LHB Alan Shaw 0-0: Ball
1-0: Fly out, F9 (Flyball, 9D)
Batting: RHB Cheh Zhi 0-0: Ball
1-0: SINGLE (Line Drive, 89S)
Batting: RHB José Bumgarnor 0-0: Called Strike
0-1: Fielders Choice at 2nd, 6-4 (Groundball, 6)
Batting: RHB Silvian Burger 0-0: Called Strike
0-1: Called Strike
0-2: Ball
1-2: Strikes out swinging
Top of the 1st over - 0 runs, 1 hit, 0 errors, 1 left on base; Ottawa 0 - Ft. Polk South 0
BOTTOM OF THE 1ST
Ft. Polk South Thunder Hawks batting - Pitching for Ottawa Nationals : RHP Amadeo Nardello
Pitching: RHP Amadeo Nardello
Batting: LHB Augusto Reyes 0-0: Ball
1-0: Called Strike
1-1: Called Strike
1-2: SOLO HOME RUN (Flyball, 9D), Distance : 352 ft
Batting: LHB Yu Miao 0-0: Ball
1-0: Ball
2-0: Foul Ball, location: 2F
2-1: Ball
3-1: Base on Balls
Batting: RHB Ruggiero Veneziano 0-0: Ball
1-0: Ball
2-0: Foul Ball, location: 2F
2-1: Ball
3-1: Base on Balls
Yu Miao to second
Batting: LHB Marc Ben 0-0: Called Strike
0-1: Ball
1-1: Grounds into double play, 4-6-3 (Groundball, 4)
Yu Miao to third
Batting: RHB Pedro Larate 0-0: DOUBLE (Line Drive, 8LD)
Yu Miao scores
Batting: RHB Thomas Feliciano 0-0: Swinging Strike
0-1: Ball
1-1: Ball
2-1: SINGLE (Groundball, 6MD)
Pedro Larate to third
Runner from 3rd tries for Home, SAFE, no throw
Batting: RHB Melvin Aikey 0-0: Ball
1-0: Fly out, F9 (Flyball, 9LSF)
Bottom of the 1st over - 3 runs, 3 hits, 0 errors, 1 left on base; Ottawa 0 - Ft. Polk South 3
TOP OF THE 2ND
Ottawa Nationals batting - Pitching for Ft. Polk South Thunder Hawks : LHP Brandon Franklin
Batting: RHB Yang-joo Pak 0-0: Ball
1-0: Foul Ball, location: 2F
1-1: Foul Ball, location: 2F
1-2: Ground out 4-3 (Groundball, 4MD)
Batting: RHB Bartho Simonse 0-0: SINGLE (Groundball, 6D)
Batting: SHB Anthon Klomp 0-0: Ball
1-0: Ball
2-0: Ball
3-0: Base on Balls
Bartho Simonse to second
Batting: RHB Manuel Vroonland 0-0: Called Strike
0-1: Ball
1-1: Foul Ball, location: 2F
1-2: Fielders Choice at 2nd, 3-6 (Groundball, 34)
Bartho Simonse to third
Batting: LHB Tony Rodríguez 0-0: Swinging Strike
0-1: Ball
1-1: Foul Ball, location: 2F
1-2: Ball
2-2: Foul Ball, location: 2F
2-2: Ball
3-2: Foul Ball, location: 2F
3-2: Foul Ball, location: 2F
3-2: SINGLE (Groundball, 6MD)
Bartho Simonse scores
Manuel Vroonland to second
Manuel Vroonland to third
Batting: LHB Alan Shaw 0-0: Called Strike
0-1: Ball
1-1: Called Strike
1-2: Ball
2-2: Ball
3-2: Foul Ball, location: 2F
3-2: Ground out 4-3 (Groundball, 4)
Top of the 2nd over - 1 run, 2 hits, 0 errors, 2 left on base; Ottawa 1 - Ft. Polk South 3
BOTTOM OF THE 2ND
Ft. Polk South Thunder Hawks batting - Pitching for Ottawa Nationals : RHP Amadeo Nardello
Batting: RHB Qu-bing Thien 0-0: Swinging Strike
0-1: Swinging Strike
0-2: Foul Ball, location: 2F
0-2: Ball
1-2: Strikes out swinging
Batting: SHB Dong-joo Yu 0-0: Ball
1-0: Ball
2-0: Ground out 4-3 (Groundball, 4)
Batting: LHB Augusto Reyes 0-0: Ball
1-0: Fly out, F6 (Popup, 6)
Bottom of the 2nd over - 0 runs, 0 hits, 0 errors, 0 left on base; Ottawa 1 - Ft. Polk South 3
TOP OF THE 3RD
Ottawa Nationals batting - Pitching for Ft. Polk South Thunder Hawks : LHP Brandon Franklin
Batting: RHB Cheh Zhi 0-0: Ball
1-0: Ball
2-0: Called Strike
2-1: Foul Ball, location: 2F
2-2: Foul Ball, location: 2F
2-2: Ground out 6-3 (Groundball, 6)
Batting: RHB José Bumgarnor 0-0: Called Strike
0-1: Fly out, F5 (Line Drive, 5)
Batting: RHB Silvian Burger 0-0: Foul Ball, location: 2F
0-1: Ball
1-1: Ball
2-1: Foul Ball, location: 2F
2-2: Fly out, F9 (Flyball, 89M)
Top of the 3rd over - 0 runs, 0 hits, 0 errors, 0 left on base; Ottawa 1 - Ft. Polk South 3
BOTTOM OF THE 3RD
Ft. Polk South Thunder Hawks batting - Pitching for Ottawa Nationals : RHP Amadeo Nardello
Batting: LHB Yu Miao 0-0: Ball
1-0: Fly out, F6 (Popup, 6MS)
Batting: RHB Ruggiero Veneziano 0-0: Ball
1-0: Ball
2-0: Foul Ball, location: 2F
2-1: SINGLE (Flyball, 89S)
Batting: LHB Marc Ben 0-0: Ball
1-0: Called Strike
1-1: Foul Ball, location: 2F
1-2: Foul Ball, location: 2F
1-2: Ball
2-2: 2-RUN HOME RUN (Flyball, 9LD), Distance : 336 ft
Batting: RHB Pedro Larate 0-0: Called Strike
0-1: SINGLE (Flyball, 7LS)
Batting: RHB Thomas Feliciano 0-0: Ball
1-0: Called Strike
1-1: Hit by Pitch
Pedro Larate to second
Batting: RHB Melvin Aikey 0-0: Ball
Pedro Larate steals 3rd base
Thomas Feliciano to second
1-0: Ball
2-0: Ball
3-0: Called Strike
3-1: Base on Balls
Batting: RHB Qu-bing Thien 0-0: Ball
1-0: Called Strike
1-1: Ball
2-1: Ball
3-1: Base on Balls
Pedro Larate scores
Thomas Feliciano to third
Melvin Aikey to second
Pitching: LHP Walt Wilson
Batting: SHB Dong-joo Yu 0-0: Ball
1-0: Ball
2-0: Ball
3-0: Called Strike
3-1: Grounds into double play, 6-4-3 (Groundball, 6M)
Bottom of the 3rd over - 3 runs, 3 hits, 0 errors, 2 left on base; Ottawa 1 - Ft. Polk South 6
TOP OF THE 4TH
Ottawa Nationals batting - Pitching for Ft. Polk South Thunder Hawks : LHP Brandon Franklin
Batting: RHB Yang-joo Pak 0-0: Foul Ball, location: 2F
0-1: Ball
1-1: Ball
2-1: Foul Ball, location: 2F
2-2: Fly out, F8 (Flyball, 8RD)
Batting: RHB Bartho Simonse 0-0: Ball
1-0: Foul Ball, location: 2F
1-1: Foul Ball, location: 2F
1-2: DOUBLE (Flyball, 8RD)
Batting: SHB Anthon Klomp 0-0: Ball
1-0: Called Strike
1-1: Ball
2-1: 2-RUN HOME RUN (Flyball, 9LD), Distance : 343 ft
Batting: RHB Manuel Vroonland 0-0: Called Strike
0-1: Foul Ball, location: 2F
0-2: Ball
1-2: Ground out U3 (Groundball, 3)
Batting: LHB Tony Rodríguez 0-0: Ground out 5-3 (Groundball, 56S)
Top of the 4th over - 2 runs, 2 hits, 0 errors, 0 left on base; Ottawa 3 - Ft. Polk South 6
BOTTOM OF THE 4TH
Ft. Polk South Thunder Hawks batting - Pitching for Ottawa Nationals : LHP Walt Wilson
Batting: LHB Augusto Reyes 0-0: Ball
1-0: Foul Ball, location: 2F
1-1: Foul Ball, location: 2F
1-2: Fly out, F7 (Flyball, 78S)
Batting: LHB Yu Miao 0-0: Ground out 4-3 (Groundball, 4M)
Batting: RHB Ruggiero Veneziano 0-0: Ball
1-0: Foul Ball, location: 2F
1-1: Fly out, F7 (Line Drive, 7)
Bottom of the 4th over - 0 runs, 0 hits, 0 errors, 0 left on base; Ottawa 3 - Ft. Polk South 6
TOP OF THE 5TH
Ottawa Nationals batting - Pitching for Ft. Polk South Thunder Hawks : LHP Brandon Franklin
Batting: LHB Alan Shaw 0-0: Swinging Strike
0-1: Fly out, F8 (Flyball, 89S)
Batting: RHB Cheh Zhi 0-0: Called Strike
0-1: Foul Ball, location: 2F
0-2: Ball
1-2: Foul Ball, location: 2F
1-2: Foul Ball, location: 2F
1-2: Ground out 6-3 (Groundball, 56)
Batting: RHB José Bumgarnor 0-0: Ball
1-0: Foul Ball, location: 2F
1-1: Ball
2-1: SINGLE (Groundball, 6S) (infield hit)
Batting: RHB Silvian Burger 0-0: Foul Ball, location: 2F
0-1: Ball
1-1: Ball
2-1: Ball
3-1: Foul Ball, location: 2F
3-2: Foul Ball, location: 2F
3-2: Ground out 6-3 (Groundball, 6)
Top of the 5th over - 0 runs, 1 hit, 0 errors, 1 left on base; Ottawa 3 - Ft. Polk South 6
BOTTOM OF THE 5TH
Ft. Polk South Thunder Hawks batting - Pitching for Ottawa Nationals : LHP Walt Wilson
Batting: LHB Marc Ben 0-0: SINGLE (Flyball, 78S) - OUT at second base trying to stretch hit.
Batting: RHB Pedro Larate 0-0: Called Strike
0-1: Foul Ball, location: 2F
0-2: Ball
1-2: Foul Ball, location: 2F
1-2: Ball
2-2: SINGLE (Groundball, 56D)
Batting: RHB Thomas Feliciano 0-0: Called Strike
Pedro Larate steals 2nd base
0-1: Fly out, F9 (Line Drive, 89M)
Batting: RHB Melvin Aikey 0-0: Ball
1-0: Ball
2-0: Foul Ball, location: 2F
2-1: Ball
Pedro Larate steals 3rd base
3-1: Ground out 6-3 (Groundball, 6)
Bottom of the 5th over - 0 runs, 2 hits, 0 errors, 1 left on base; Ottawa 3 - Ft. Polk South 6
TOP OF THE 6TH
Ottawa Nationals batting - Pitching for Ft. Polk South Thunder Hawks : LHP Brandon Franklin
Pitching: RHP Sam Schultz
Batting: RHB Yang-joo Pak 0-0: Ball
1-0: Ball
2-0: Called Strike
2-1: Ball
3-1: Base on Balls
Batting: RHB Bartho Simonse 0-0: Called Strike
0-1: Foul Ball, location: 2F
0-2: Foul Ball, location: 2F
0-2: Ball
1-2: Fly out, F8 (Flyball, 78M)
Batting: SHB Anthon Klomp 0-0: Called Strike
0-1: Swinging Strike
0-2: Fly out, F8 (Flyball, 8RS)
Batting: RHB Manuel Vroonland 0-0: SINGLE (Groundball, 4MD)
Yang-joo Pak to second
Runner from 2nd tries for 3rd, SAFE, no throw
Batting: LHB Tony Rodríguez 0-0: Foul Ball, location: 2F
0-1: Swinging Strike
0-2: Foul Ball, location: 2F
0-2: Fly out, F8 (Flyball, 89D)
Top of the 6th over - 0 runs, 1 hit, 0 errors, 2 left on base; Ottawa 3 - Ft. Polk South 6
BOTTOM OF THE 6TH
Ft. Polk South Thunder Hawks batting - Pitching for Ottawa Nationals : LHP Walt Wilson
Batting: RHB Qu-bing Thien 0-0: Called Strike
0-1: Swinging Strike
0-2: Ball
1-2: Ball
2-2: Ball
3-2: Fly out, F7 (Flyball, 7)
Batting: SHB Dong-joo Yu 0-0: Ball
1-0: Ground out 6-3 (Groundball, 6)
Batting: LHB Augusto Reyes 0-0: Ball
1-0: Called Strike
1-1: Foul Ball, location: 2F
1-2: Hit by Pitch
Pitching: RHP Gavin Burdikin
Batting: LHB Yu Miao 0-0: Fly out, F8 (Flyball, 8RS)
Bottom of the 6th over - 0 runs, 0 hits, 0 errors, 1 left on base; Ottawa 3 - Ft. Polk South 6
TOP OF THE 7TH
Ottawa Nationals batting - Pitching for Ft. Polk South Thunder Hawks : RHP Sam Schultz
Batting: LHB Alan Shaw 0-0: Called Strike
0-1: Called Strike
0-2: Ball
1-2: Foul Ball, location: 2F
1-2: Ball
2-2: Ball
3-2: Foul Ball, location: 2F
3-2: Base on Balls
Batting: RHB Cheh Zhi 0-0: Ball
1-0: Bunted foul
1-1: Ball
2-1: Bunted foul
2-2: Strikes out swinging
Batting: RHB José Bumgarnor 0-0: Ball
1-0: Swinging Strike
1-1: Ball
2-1: Fly out, F7 (Flyball, 7)
Batting: RHB Silvian Burger 0-0: Ball
1-0: Called Strike
1-1: Called Strike
1-2: Strikes out looking
Top of the 7th over - 0 runs, 0 hits, 0 errors, 1 left on base; Ottawa 3 - Ft. Polk South 6
BOTTOM OF THE 7TH
Ft. Polk South Thunder Hawks batting - Pitching for Ottawa Nationals : RHP Gavin Burdikin
Batting: RHB Ruggiero Veneziano 0-0: Called Strike
0-1: Ball
1-1: Ground out 5-3 (Groundball, 56S)
Batting: LHB Marc Ben 0-0: Ball
1-0: Ball
2-0: Fly out, F9 (Flyball, 9LSF)
Batting: RHB Pedro Larate 0-0: Called Strike
0-1: Ball
1-1: TRIPLE (Line Drive, 8RXD)
Batting: RHB Thomas Feliciano 0-0: Called Strike
0-1: Foul Ball, location: 2F
0-2: Strikes out looking
Bottom of the 7th over - 0 runs, 1 hit, 0 errors, 1 left on base; Ottawa 3 - Ft. Polk South 6
TOP OF THE 8TH
Ottawa Nationals batting - Pitching for Ft. Polk South Thunder Hawks : RHP Sam Schultz
Batting: RHB Yang-joo Pak 0-0: Called Strike
0-1: Ball
1-1: Ground out 5-3 (Groundball, 5)
Batting: RHB Bartho Simonse 0-0: Swinging Strike
0-1: Ball
1-1: Ball
2-1: Swinging Strike
2-2: Strikes out looking
Batting: SHB Anthon Klomp 0-0: DOUBLE (Flyball, 89D)
Batting: RHB Manuel Vroonland 0-0: Ball
1-0: Called Strike
1-1: Ground out 5-3 (Groundball, 56)
Top of the 8th over - 0 runs, 1 hit, 0 errors, 1 left on base; Ottawa 3 - Ft. Polk South 6
BOTTOM OF THE 8TH
Ft. Polk South Thunder Hawks batting - Pitching for Ottawa Nationals : RHP Gavin Burdikin
Batting: RHB Melvin Aikey 0-0: Foul Ball, location: 2F
0-1: Swinging Strike
0-2: Ball
1-2: Foul Ball, location: 2F
1-2: Foul Ball, location: 2F
1-2: Ball
2-2: Ball
3-2: Base on Balls
Batting: RHB Qu-bing Thien 0-0: Ball
1-0: Ball
2-0: Foul Ball, location: 2F
2-1: Bunt missed!
2-2: Fly out, F9 (Flyball, 9D)
Batting: SHB Dong-joo Yu 0-0: Called Strike
0-1: Ball
1-1: Foul Ball, location: 2F
1-2: Foul Ball, location: 2F
1-2: Strikes out swinging
Batting: LHB Augusto Reyes 0-0: Called Strike
0-1: Ball
1-1: SINGLE (Groundball, 6MD)
Melvin Aikey to second
Batting: LHB Yu Miao 0-0: Foul Ball, location: 2F
0-1: Ball
1-1: Fly out, F7 (Flyball, 78XD)
Bottom of the 8th over - 0 runs, 1 hit, 0 errors, 2 left on base; Ottawa 3 - Ft. Polk South 6
TOP OF THE 9TH
Ottawa Nationals batting - Pitching for Ft. Polk South Thunder Hawks : RHP Sam Schultz
Batting: LHB Tony Rodríguez 0-0: Ground out 4-3 (Groundball, 4)
Batting: LHB Alan Shaw 0-0: Ball
1-0: Fly out, F7 (Flyball, 7LM)
Batting: RHB Cheh Zhi 0-0: Foul Ball, location: 2F
0-1: Hit by Pitch
Batting: RHB José Bumgarnor 0-0: Called Strike
0-1: Ball
1-1: SINGLE (Groundball, 6MD)
Cheh Zhi to second
Batting: RHB Silvian Burger 0-0: DOUBLE (Flyball, 8LXD)
Cheh Zhi scores
José Bumgarnor to third
Batting: RHB Yang-joo Pak 0-0: Called Strike
0-1: Swinging Strike
0-2: Ball
1-2: Ground out 4-3 (Groundball, 34)
Top of the 9th over - 1 run, 2 hits, 0 errors, 2 left on base; Ottawa 4 - Ft. Polk South 6
Friday, March 29th, 2019 - OOTP Baseball 18.8 Build 76